 Dungeon Crawl Stone Soup version 0.30-a0-924-g0ad0bf95bc (webtiles) character file.

Game seed: 791004096850390246

6097 ZappyNine the Fighter (level 10, 0/140 HPs)
             Began as an Ogre Transmuter on Mar 22, 2023.
             Was an Elder of Uskayaw.
             Killed from afar by Grum (4 damage)
             ... with a puff of flame
             ... on level 8 of the Dungeon.
             The game lasted 00:22:36 (11305 turns).

ZappyNine the Fighter (Ogre Transmuter)            Turns: 11305, Time: 00:22:36

Health: 0/140      AC:  6    Str: 18    XL:     10   Next: 88%
Magic:  15/18      EV: 11    Int: 14    God:    Uskayaw [****..]
Gold:   503        SH:  0    Dex:  9    Spells: 7/20 levels left

rFire   x . .      SeeInvis .      - Unarmed
rCold   + + +      Faith    .    (shield currently unavailable)
rNeg    . . .      Spirit   .    a - melded +0 robe
rPois   +          Reflect  .    (helmet currently unavailable)
rElec   .          Rampage  .    (cloak currently unavailable)
rCorr   +                        (gloves unavailable)
Will    +....                    (boots unavailable)
Stlth   +                        (no amulet)
HPRegen 0.43/turn                g - ring of resist corrosion
MPRegen 0.16/turn                (no ring)

@: lethally poisoned (0 -> -3), ice-form, wereblooded, invisible
A: freezing attack, amphibious, boosted hp, large, unfitting armour, (tough skin
1), robust 1, weak 1, subdued magic 1
a: End Transformation, Renounce Religion, Stomp, Line Pass


You were on level 8 of the Dungeon.
You worshipped Uskayaw.
Uskayaw was noncommittal.
You were a creature of crystalline ice.
You visited 2 branches of the dungeon, and saw 10 of its levels.

You collected 563 gold pieces.
You spent 60 gold pieces at shops.

Inventory:

Missiles
 i - a throwing net
Armour
 a - a +0 robe (melded)
 u - a +0 hat
Jewellery
 g - a ring of resist corrosion (left front paw)
 m - a +6 ring of strength
 y - an amulet of faith
Wands
 c - a wand of roots (4)
 o - a wand of quicksilver (2)
 z - a wand of digging (2)
Scrolls
 d - 3 scrolls of vulnerability
 e - 2 scrolls of fear
 f - a scroll of teleportation
 j - a scroll of immolation
 k - 3 scrolls of noise
 p - a scroll of enchant armour {unknown}
 x - 2 scrolls of enchant weapon
Potions
 b - 2 potions of curing
 h - a potion of magic
 l - a potion of ambrosia
 n - a potion of flight
 q - a potion of lignification
 s - 3 potions of degeneration
 t - a potion of invisibility
 v - a potion of berserk rage


   Skills:
 - Level 9.3 Fighting
 - Level 6.2 Dodging
 - Level 7.5 Unarmed Combat
 - Level 5.9 Spellcasting
 - Level 6.2 Transmutations
 - Level 4.6 Ice Magic
 - Level 1.9 Poison Magic
 + Level 2.3 Invocations


You had 7 spell levels left.
You knew the following spells:

 Your Spells              Type           Power      Damage    Failure   Level
a - Beastly Appendage     Tmut           32%        N/A       1%          1
b - Wereblood             Tmut           16%        N/A       1%          2
c - Spider Form           Tmut/Pois      11%        N/A       7%          3
d - Ice Form              Ice/Tmut       14%        N/A       14%         4
e - Ozocubu's Armour      Ice            13%        N/A       5%          3

Your spell library contained the following spells:

 Spells                   Type           Power      Damage    Failure   Level
 Freeze                   Ice            52%        1d6       1%          1
 Frozen Ramparts          Ice            26%        1d4       5%          3
 Hailstorm                Conj/Ice       8%         3d4       16%         3
 Ozocubu's Refrigeration  Ice            6%         4d8       100%        7


Dungeon Overview and Level Annotations

Branches:
Dungeon (9/15)             Temple (1/1) D:4
   Lair: D:8-11         Orc: D:9-12

Altars:
Ashenzari
Cheibriados
Dithmenos
Elyvilon
Gozag
Hepliaklqana
Kikubaaqudgha
Makhleb
Okawaru
Sif Muna
Trog
Uskayaw
Vehumet
Yredelemnul
Zin
The Shining One

Shops:
D:3 !   D:4 =   D:7 :

Annotations:
D:8 Grum
Temple 2 transporters


Innate Abilities, Weirdness & Mutations

You are a creature of crystalline ice.
You have a powerful freezing melee attack.
You are amphibious.
Your maximum health is increased.
Your armour is entirely melded.
You are incapable of wielding weapons or throwing items.
You are too large for most types of armour.
((You have tough skin. (AC +1)))
You are robust. (+10% HP)
You are weak. (Str -2)
Your spells are a little easier to cast, but a little less powerful.


Message History

* * * LOW HITPOINT WARNING * * *
You can now merge with and destroy a victim.
Grum hits you with a -2 spear of venom.
* * * LOW HITPOINT WARNING * * *
The troll bites you.
* * * LOW HITPOINT WARNING * * *
The troll misses you. The troll claws you but does no damage.
An orc wizard comes into view. It is wielding a +0 dagger.
There is an escape hatch in the ceiling here.
The troll barely misses you. The troll claws you.
* * * LOW HITPOINT WARNING * * *
The troll claws you!
* * * LOW HITPOINT WARNING * * *
Grum hits you with a -2 spear of venom!
* * * LOW HITPOINT WARNING * * *
You are poisoned.
A mysterious force pulls you upwards. The hatch slams shut behind you.
Reactivating autopickup.
* * * LOW HITPOINT WARNING * * *
You feel very sick.
Unknown command.
Unknown command.
Unknown command.
You fade into invisibility!
* * * LOW HITPOINT WARNING * * *
You feel very sick.
You can no longer merge with and destroy a victim.
Unknown command.
Unknown command.
Okay, then.
* * * LOW HITPOINT WARNING * * *
You feel sick. Grum barely misses you.
Unknown command.
* * * LOW HITPOINT WARNING * * *
You feel sick. Grum barely misses you.
* * * LOW HITPOINT WARNING * * *
You feel sick.
Grum points his finger and barks, "Attack!"
Grum zaps a wand.
The puff of flame hits you. The fire burns you terribly!
You die...

#.###...##.### #.###...##.#
#..........# #########
##.........# #......>#
##.........# #^......#
........#### #.g###..####
........# #..T.....[.#######
####....# #..###..##.......#
##.#### #.Y###..########.# #...#
#.......# #.# #...# ####.######
#.# #...# #.......# ###.## #...#
#.......########.....
###...#######.##.#.........#.####
...........##)##...###.....#.####
...........##.##...# #.....#.##..
...........##.##...###.....#)##.#


You could see Grum (unable to see you) and a troll (unable to see you).

Vanquished Creatures
  A two-headed ogre (D:8)
  Maurice (D:8)
  Grinder (D:4)
  Sigmund (D:3)
  A wyvern (D:8)
  8 yaks (D:8)
  2 steam dragons
  A water moccasin (D:7)
  2 orc warriors (D:9)
  A sky beast (D:7)
  3 ogres
  A wolf (D:9)
  A centaur (D:7)
  3 kobold brigands
  A bullfrog (D:6)
  6 scorpions
  9 wights
  5 killer bees (D:6)
  A howler monkey (D:8)
  4 hounds
  2 jellies (D:6)
  2 gnoll boudas
  5 orc priests
  3 sleepcaps (D:6)
  Terence (D:3)
  5 iguanas
  5 orc wizards
  Robin (D:3)
  15 gnolls
  9 adders
  A shadow imp (D:6)
  4 worms
  2 dart slugs
  36 orcs
  4 bats
  6 endoplasms
  6 giant cockroaches
  11 goblins
  12 hobgoblins
  8 jackals
  19 kobolds
  4 quokkas
  5 ball pythons
  3 frilled lizards
  3 rats
225 creatures vanquished.

Notes
Turn   | Place    | Note
-------+----------+-------------------------------------------
     0 | D:1      | ZappyNine the Ogre Transmuter began the quest for the Orb.
     0 | D:1      | Reached XP level 1. HP: 19/19 MP: 3/3
   214 | D:1      | Reached skill level 2 in Fighting
   214 | D:1      | Reached XP level 2. HP: 20/28 MP: 5/5
   308 | D:1      | Found a faded altar of an unknown god.
   343 | D:1      | Learned a level 2 spell: Wereblood
   696 | D:1      | Reached XP level 3. HP: 36/36 MP: 7/7
  1226 | D:2      | Reached skill level 3 in Fighting
  1476 | D:2      | Learned a level 3 spell: Spider Form
  1709 | D:2      | Reached XP level 4. HP: 23/45 MP: 6/8
  2458 | D:3      | Noticed Robin
  2481 | D:3      | Noticed Sigmund
  2488 | D:3      | Killed Sigmund
  2489 | D:3      | Reached skill level 5 in Fighting
  2489 | D:3      | Reached XP level 5. HP: 57/57 MP: 4/10
  2489 | D:3      | Reached XP level 6. HP: 66/66 MP: 4/11
  2900 | D:3      | Reached skill level 1 in Poison Magic
  3023 | D:3      | Found a snail-covered altar of Cheibriados.
  3023 | D:3      | Found a white marble altar of Elyvilon.
  3062 | D:3      | Killed Robin
  3363 | D:3      | Found Sijuel's Distillery.
  3371 | D:3      | Bought a potion of heal wounds for 60 gold pieces
  3679 | D:3      | Noticed Terence
  3681 | D:3      | Reached XP level 7. HP: 72/72 MP: 13/13
  3695 | D:3      | Killed Terence
  3726 | D:3      | Learned a level 4 spell: Ice Form
  4041 | D:4      | Noticed Grinder
  4375 | D:4      | Found a staircase to the Ecumenical Temple.
  4507 | D:4      | Paralysed by Grinder for 5 turns
  4521 | D:4      | Killed Grinder
  4522 | D:4      | Reached skill level 6 in Fighting
  5013 | D:4      | Found Cuonusuc's Jewellery Boutique.
  5112 | D:5      | Entered Level 5 of the Dungeon
  5143 | D:5      | Reached XP level 8. HP: 47/84 MP: 11/14
  5562 | D:5      | Reached skill level 5 in Unarmed Combat
  6165 | D:6      | Reached skill level 5 in Transmutations
  6278 | D:6      | Identified the +6 sling of the Endless Expanse {drain, rC+
                  | Dex+3}
  6481 | D:6      | Reached XP level 9. HP: 80/92 MP: 10/15
  7125 | D:6      | Learned a level 3 spell: Ozocubu's Armour
  7544 | D:6      | Found a basalt altar of Yredelemnul.
  7927 | D:6      | Found an opulent altar of Gozag.
  7927 | D:6      | Found an ancient bone altar of Kikubaaqudgha.
  7986 | Temple   | Entered the Ecumenical Temple
  7986 | Temple   | Found a transporter.
  7986 | Temple   | Found a transporter.
  7988 | Temple   | Found a transporter.
  7988 | Temple   | Found a transporter.
  8024 | Temple   | Became a worshipper of Uskayaw the Reveller
  8103 | D:7      | Reached * piety under Uskayaw
  8110 | D:7      | Reached ** piety under Uskayaw
  8116 | D:7      | Reached *** piety under Uskayaw
  8117 | D:7      | Reached skill level 5 in Spellcasting
  8124 | D:7      | Reached **** piety under Uskayaw
  8593 | D:7      | Reached ***** piety under Uskayaw
  9045 | D:7      | Found Nyrenaff's Book Boutique.
  9593 | D:7      | Found a shimmering blue altar of Sif Muna.
  9657 | D:8      | Reached skill level 7 in Fighting
  9657 | D:8      | Reached XP level 10. HP: 16/102 MP: 13/18
 10083 | D:8      | Noticed a two-headed ogre
 10098 | D:8      | Killed a two-headed ogre
 10099 | D:8      | Reached skill level 5 in Dodging
 10230 | D:8      | Reached skill level 8 in Fighting
 10367 | D:8      | HP: 5/106 [something (3)]
 10749 | D:8      | Gained mutation: You are weak. (Str -2) [potion of
                  | mutation]
 10749 | D:8      | Gained mutation: Your spells are a little easier to cast,
                  | but a little less powerful. [potion of mutation]
 10749 | D:8      | Gained mutation: You are robust. (+10% HP) [potion of
                  | mutation]
 10873 | D:8      | Noticed Maurice
 10886 | D:8      | Paralysed by something for 5 turns
 10900 | D:8      | Killed Maurice
 11091 | D:8      | Reached skill level 9 in Fighting
 11280 | D:9      | Noticed Grum
 11286 | D:9      | Reached skill level 1 in Invocations
 11302 | D:8      | HP: 7/140 [poisoned by Grum]
 11305 | D:8      | Killed from afar by Grum

Illustrated notes

Levels and vault maps discovered:
D:1:      psy_arrival_conway, layout_loops_ring,
          dreamdust_ecumenical_altar_grove
D:2:      minmay_razor_zed, layout_basic
D:3:      layout_basic, jmf_multi_god_temple, serial_shops, shop,
          kennysheep_boxes, uniq_sigmund, uniq_terence, uniq_robin
D:4:      layout_rooms, minmay_temple_entry_gardened_gates, serial_shops,
          kennysheep_mini_moat, minivault_14, uniq_grinder
D:5:      layout_basic, minmay_crystal_water
D:6:      layout_basic, mainiacjoe_overflow_boulevard,
          gammafunk_temple_overflow_pools
D:7:      layout_cave_pods, led_sif_pool, serial_shops,
          nicolae_shop_temple_entry_statues_fountains
D:8:      layout_loops_cross, uniq_maurice
D:9:      layout_basic, grunt_qazlal_clouds, lair_entry_dummy,
          zombieorc2_lemuel, uniq_grum
Temple:   hellmonk_temple_divided_pantheon

Skill      XL: |  1  2  3  4  5  6  7  8  9 10 |
---------------+-------------------------------+-----
Fighting       | 2 3 5 6 7 9 |  9.3
Unarmed Combat | 3 4 5 6 7 |  7.5
Spellcasting   | 3 4 5 |  5.9
Transmutations | 2 4 5 6 |  6.2
Poison Magic   | 1 |  1.9
Dodging        | 2 4 6 |  6.2
Ice Magic      | 4 |  4.6
Invocations    | 2 |  2.3

Action                     |  1- 3 |  4- 6 |  7- 9 | 10-12 || total
---------------------------+-------+-------+-------+-------++-------
  Melee: Unarmed           |   155 |   156 |   381 |   126 ||   818
         Kick              |    11 |    19 |    14 |       ||    44
         Headbutt          |     3 |     9 |    12 |       ||    24
         Punch             |     2 |     3 |     2 |     3 ||    10
   Cast: Beastly Appendage |    11 |    16 |     8 |       ||    35
         Wereblood         |       |     9 |    13 |     6 ||    28
         Spider Form       |       |     4 |    26 |     5 ||    35
         Ice Form          |       |       |    10 |     5 ||    15
         Ozocubu's Armour  |       |       |     2 |     2 ||     4
    Use: Potion            |     1 |     4 |    11 |     3 ||    19
         Scroll            |       |       |     7 |     9 ||    16
   Stab: Sleeping          |     2 |       |       |       ||     2
         Paralysed         |       |       |     4 |     6 ||    10
 Armour: Robe              |    46 |    41 |    24 |    10 ||   121
         Skin              |     1 |     1 |    49 |     7 ||    58
  Dodge: Dodged            |    65 |    76 |   271 |    62 ||   474

Table legend: (Time is in decaauts)
 A = Elapsed time spent in this place.
 B = Non-inter-level travel time spent in this place.
 C = Inter-level travel time spent in this place.
 D = Time resting spent in this place.
 E = Time spent auto-exploring this place.
 F = Levels seen in this place.
 G = Mean time per level.
                   A        B        C        D        E       F      G
               +--------+--------+--------+--------+--------+-----+--------+
         Total |  11276 |  11010 |    266 |   3682 |   5306 |  10 | 1127.6 |
       Dungeon |  11225 |  10968 |    257 |   3682 |   5306 |   9 | 1247.2 |
        Temple |     50 |     42 |      8 |      0 |      0 |   1 |   50.0 |
               +--------+--------+--------+--------+--------+-----+--------+

Top non-repeatable levels by time:
     D:2: 1641 daAuts
     D:3: 1639 daAuts
     D:6: 1631 daAuts
     D:8: 1619 daAuts
     D:7: 1547 daAuts
     D:5: 1244 daAuts
     D:1: 1075 daAuts
     D:4: 799 daAuts
  Temple: 50 daAuts
     D:9: 27 daAuts
